 Dungeon Crawl Stone Soup version 0.28.0 (webtiles) character file.

Game seed: 8955201680043562963

39 enile the Firebug (level 3, -1/29 HPs)
             Began as a Demigod Fire Elementalist on Feb 14, 2022.
             Slain by a gnoll (7 damage)
             ... on level 1 of the Dungeon.
             The game lasted 00:01:12 (1907 turns).

enile the Firebug (Demigod Fire Elementalist)       Turns: 1907, Time: 00:01:13

Health: -1/29      AC:  2    Str:  9    XL:     3   Next: 11%
Magic:  7/8        EV: 12    Int: 21    God:
Gold:   13         SH:  0    Dex: 14    Spells: 3/6 levels left

rFire   . . .      SeeInvis .   (no weapon)
rCold   . . .      Faith    .   (no shield)
rNeg    . . .      Spirit   .   a - +0 robe
rPois   .          Reflect  .   (no helmet)
rElec   .          Harm     .   (no cloak)
rCorr   .          Rampage  .   (no gloves)
Will    .....                   (no boots)
Stlth   ++........              (no amulet)
HPRegen 0.09/turn               (no ring)
MPRegen 0.11/turn               (no ring)

@: no status effects
A: high MP 1, forlorn, divine attributes
a: no special abilities


You were on level 1 of the Dungeon.
You visited 1 branch of the dungeon, and saw 2 of its levels.

You collected 13 gold pieces.

Inventory:

Armour
 a - a +0 robe (worn)
Jewellery
 d - a ring of ice
Scrolls
 c - 4 scrolls of fog {unknown}
Potions
 b - a potion of berserk rage {unknown}


   Skills:
 - Level 2.0 Fighting
 - Level 1.7 Dodging
 - Level 1.7 Stealth
 + Level 2.1 Spellcasting
 - Level 0.8 Conjurations
 - Level 3.0 Fire Magic


You had 3 spell levels left.
You knew the following spells:

 Your Spells              Type           Power      Damage    Failure   Level
a - Foxfire               Conj/Fire      40%        2x1d6     7%          1
b - Scorch                Fire           28%        2d6       6%          2

Your spell library contained the following spells:

 Spells                   Type           Power      Damage    Failure   Level
 Conjure Flame            Conj/Fire      10%        6-21      21%         3
 Inner Flame              Hex/Fire       8%         N/A       24%         3
 Gell's Gravitas          Tloc           2%         N/A       41%         3
 Lesser Beckoning         Tloc           2%         N/A       41%         3
 Teleport Other           Tloc           2%         N/A       41%         3
 Flame Wave               Conj/Fire      10%        2d5       54%         4


Dungeon Overview and Level Annotations

Branches:
Dungeon (2/15)

Shops:
D:1 ?


Innate Abilities, Weirdness & Mutations

You have an increased reservoir of magic. (+10% MP)
You shall have no god before yourself.
Your divine heritage dramatically boosts your attributes as you level up.


Message History

Flames lash the gnoll.
You kill the gnoll!
The foxfire hits the gnoll.
The gnoll is moderately wounded.
Training target 3.0 for Fire Magic reached!
Your Fire Magic skill increases to level 3!
You need to enable at least one skill for training.
You have reached level 3!
Your experience leads to a dramatic increase in your attributes!
Increase (S)trength, (I)ntelligence, or (D)exterity?
You feel clever. x4
Casting: Scorch (safe; 6% risk of failure)
Confirm with . or Enter, or press ? or * to list all spells.
You don't have enough magic to cast this spell.
Casting: Scorch (safe; 6% risk of failure)
Confirm with . or Enter, or press ? or * to list all spells.
You don't have enough magic to cast this spell.
You closely miss the gnoll.
The gnoll hits you from afar with a +0 halberd!
The gnoll closely misses you.
You are too injured to fight recklessly!
There is an escape hatch in the ceiling here.
The gnoll hits you with a +0 club. The gnoll completely misses you.
A mysterious force pulls you upwards. The hatch slams shut behind you.
Casting: Scorch (safe; 6% risk of failure)
Confirm with . or Enter, or press ? or * to list all spells.
Flames lash the gnoll.
The gnoll is moderately wounded.
The gnoll's fire resistance burns away.
The gnoll barely misses you. The gnoll hits you with a +0 club.
You hit the gnoll.
The gnoll is heavily wounded.
The gnoll hits you with a +0 club!
* * * LOW HITPOINT WARNING * * *
The gnoll is no longer more vulnerable to fire.
The gnoll hits you with a +0 club.
* * * LOW HITPOINT WARNING * * *
You see here a +0 ring mail.
You open the door. The gnoll hits you with a +0 club!
You die...

###.....##.......########...##.##
........##.......#...............
.#########..####.#.#...........##
.### ##.##...................
..§## #........#.############
....# ##..)....#.# # ..#####
#.......#.# # ...##.# #.###'#.#.#
# .....### #..##@#.#.# # ≈≈...#.#
##.##g#.#.# # ..≈...## #..#.#+#.#
# <.≈...# ##.#.....# # ..≈...#
#.#[....# # ≈≈....# ###.#.....# #
......# #.........## # ......#
#..........# # .....##
#....>#....# #


You could see a gnoll.

Vanquished Creatures
  2 gnolls (D:2)
  3 ball pythons
  3 endoplasms
  2 giant cockroaches (D:1)
  A goblin (D:1)
  A hobgoblin (D:1)
  A quokka (D:1)
  A frilled lizard (D:1)
  4 kobolds (D:1)
  2 rats (D:1)
20 creatures vanquished.

Vanquished Creatures (others)
  111 foxfires
111 creatures vanquished.

Grand Total: 131 creatures vanquished

Notes
Turn   | Place    | Note
-------+----------+-------------------------------------------
     0 | D:1      | enile the Demigod Fire Elementalist began the quest for the
                  | Orb.
     0 | D:1      | Reached XP level 1. HP: 14/14 MP: 5/5
    74 | D:1      | Found Ramoumym's Magic Scroll Shoppe.
   171 | D:1      | Reached skill level 1 in Fighting
   584 | D:1      | Reached XP level 2. HP: 23/23 MP: 5/7
  1804 | D:2      | Learned a level 2 spell: Scorch
  1836 | D:2      | Reached skill level 3 in Fire Magic
  1836 | D:2      | Reached XP level 3. HP: 29/29 MP: 1/8
  1907 | D:1      | Slain by a gnoll

Illustrated notes

Levels and vault maps discovered:
D:1:      enne_arrival_octagon_isle, layout_basic, basic_ecumenical_altar,
          serial_shops, shop, roderic_roman_lattice
D:2:      layout_loops_ring, lightli_corner_chamber

Skill      XL: |  1  2 |
---------------+-------+-----
Fighting       | 1 2 |  2.0
Spellcasting   | 2 |  2.1
Fire Magic     | 3 |  3.0
Dodging        | |  1.7
Stealth        | |  1.7
Conjurations   | |  0.8

Action                   || total
-------------------------++-------
Melee: Unarmed           ||     4
 Cast: Foxfire           ||    70
       Scorch            ||     2
Armor: Robe              ||     2
Dodge: Dodged            ||     9
